 Dungeon Crawl Stone Soup version 0.29.1-13-g9f3cf754e1 (webtiles) character file.

Game seed: 4092496902189660942

17218 Oxelix the Basher (level 12, -1/86 HPs)
             Began as a Gargoyle Gladiator on Feb 11, 2023.
             Was a High Priest of Cheibriados.
             Slain by an eight-headed hydra (7 damage)
             ... on level 1 of the Lair of Beasts.
             The game lasted 00:27:59 (13747 turns).

Oxelix the Basher (Gargoyle Gladiator)             Turns: 13747, Time: 00:28:00

Health: -1/86      AC: 24    Str: 34    XL:     12   Next: 45%
Magic:  10/13      EV: 15    Int: 22    God:    Cheibriados [*****.]
Gold:   1201       SH:  5    Dex: 23    Spells: 11/11 levels left

rFire   + . .      SeeInvis +   j - +2 quarterstaff (spect)
rCold   . . .      Faith    .   (shield currently unavailable)
rNeg    + . .      Spirit   .   v - +0 chain mail
rPois   ∞          Reflect  +   (helmet restricted)
rElec   +          Harm     .   H - +2 cloak {Stlth+}
rCorr   .          Rampage  .   s - +0 pair of gloves
Will    .....                   (no boots)
Stlth   ..........              g - amulet of reflection
HPRegen 0.24/turn               r - +4 ring of evasion
MPRegen 0.13/turn               x - ring of protection from fire

@: mighty, invisible, very slow
A: sickness immunity, AC +8, negative energy resistance 1, electricity
resistance, torment resistance 1, petrification resistance, antennae 1, see
invisible, robust 1
a: Renounce Religion, Bend Time, Temporal Distortion, Slouch, Step From Time


You were on level 1 of the Lair of Beasts.
You worshipped Cheibriados.
Cheibriados was extremely pleased with you.
You visited 3 branches of the dungeon, and saw 13 of its levels.

You collected 1201 gold pieces.

Inventory:

Hand Weapons
 j - a +2 spectral quarterstaff (weapon)
 P - a +3 flail
 R - a +1 morningstar
Missiles
 d - 4 throwing nets
 e - 5 javelins (quivered)
 M - 36 poisoned darts
 O - 10 boomerangs
 X - 3 silver boomerangs
Armour
 c - a +0 helmet
 s - a +0 pair of gloves (worn)
 v - a +0 chain mail (worn)
 H - a +2 cloak of stealth (worn)
 S - +0 steam dragon scales
Magical Staves
 f - a staff of earth
 V - a staff of air
Jewellery
 g - an amulet of reflection (around neck)
 r - a +4 ring of evasion (left hand)
 x - a ring of protection from fire (right hand)
 y - a ring of see invisible
 A - an amulet of regeneration
Wands
 I - a wand of flame (26)
 U - a wand of roots (5)
 W - a wand of polymorph (7)
Scrolls
 b - 3 scrolls of fear
 i - a scroll of immolation {unknown}
 m - 3 scrolls of enchant weapon
 n - 2 scrolls of vulnerability
 p - 2 scrolls of poison
 q - 2 scrolls of torment {unknown}
 t - 4 scrolls of teleportation
 u - a scroll of noise {unknown}
 B - 4 scrolls of butterflies
 C - 2 scrolls of summoning {unknown}
 D - 2 scrolls of enchant armour {unknown}
 J - a scroll of blinking {unknown}
 L - 5 scrolls of magic mapping {unknown}
 N - a scroll of brand weapon {unknown}
 T - 3 scrolls of identify
Potions
 h - 2 potions of magic {unknown}
 k - a potion of flight {unknown}
 l - 2 potions of brilliance
 o - 2 potions of attraction {unknown}
 w - a potion of invisibility
 z - a potion of might
 E - 3 potions of lignification {unknown}
 F - 2 potions of curing
 G - 2 potions of degeneration {unknown}
 K - a potion of haste
 Q - a potion of resistance {unknown}


   Skills:
 + Level 10.6 Fighting
 - Level 12.2(13.8) Maces & Flails
 * Level 10.5(13.0) Staves
 - Level 1.7 Throwing
 - Level 8.5 Armour
 - Level 2.4 Dodging
 + Level 2.5 Invocations


You had 11 spell levels left.
You didn't know any spells.
Your spell library contained the following spells:

 Spells                   Type           Power      Damage    Failure   Level
 Magic Dart               Conj           0%         1d3       52%         1
 Slow                     Hex            0%         N/A       52%         1
 Sting                    Tmut/Pois      0%         1d3       52%         1
 Call Imp                 Summ           0%         N/A       65%         2
 Poisonous Vapours        Pois/Air       0%         N/A       65%         2
 Confusing Touch          Hex            0%         N/A       87%         3
 Conjure Flame            Conj/Fire      0%         6-21      87%         3
 Ignite Poison            Fire/Tmut/Pois 0%         N/A       87%         3
 Mephitic Cloud           Conj/Pois/Air  0%         N/A       87%         3
 Tukima's Dance           Hex            0%         N/A       87%         3
 Vampiric Draining        Necr           0%         2d6       87%         3
 Hailstorm                Conj/Ice       0%         3d3       99%         4
 Ice Form                 Ice/Tmut       0%         N/A       99%         4
 Olgreb's Toxic Radiance  Pois           0%         N/A       99%         4
 Passage of Golubria      Tloc           0%         N/A       99%         4
 Sticky Flame             Conj/Fire      0%         2d3       99%         4
 Yara's Violent Unravell  Hex/Tmut       0%         3d3       100%        5
 Simulacrum               Ice/Necr       0%         N/A       100%        6


Dungeon Overview and Level Annotations

Branches:
Dungeon (11/15)            Temple (1/1) D:5            Lair (1/5) D:11
    Orc: D:9-12

Altars:
Ashenzari
Cheibriados
Dithmenos
Elyvilon
Fedhas
Gozag
Hepliaklqana
Kikubaaqudgha
Makhleb
Nemelex Xobeh
Okawaru
Qazlal
Ru
Sif Muna
Trog
Uskayaw
Vehumet
Wu Jian
Xom
Yredelemnul
Zin
The Shining One

Shops:
D:2 (


Innate Abilities, Weirdness & Mutations

You are immune to sickness and miasma.
Your stone body is resilient. (AC +8)
You are immune to poison.
You resist negative energy. (rN+)
You are resistant to electric shocks. (rElec)
You are resistant to unholy torment.
You are immune to petrification.
You have a pair of small antennae on your head.
You have supernaturally acute eyesight. (SInv)
You are robust. (+10% HP)


Message History

The elephant is almost dead.
Your +2 spectral quarterstaff hits the elephant.
You strike the helpless elephant from behind!
You sock the elephant!
You kill the elephant!
Cheibriados appreciates the change of pace.
You block the elephant's attack.
The elephant trunk-slaps you but does no damage.
The eight-headed hydra bites you!
* * * LOW HITPOINT WARNING * * *
You block the eight-headed hydra's attack.
The eight-headed hydra closely misses you.
The eight-headed hydra barely misses you.
The eight-headed hydra closely misses you.
The eight-headed hydra completely misses you.
The eight-headed hydra bites you!
* * * LOW HITPOINT WARNING * * *
The eight-headed hydra barely misses you.
The elephant barely misses you. The elephant completely misses you.
You block the eight-headed hydra's attack.
The eight-headed hydra bites you.
* * * LOW HITPOINT WARNING * * *
The eight-headed hydra closely misses you.
The eight-headed hydra bites you.
* * * LOW HITPOINT WARNING * * *
The eight-headed hydra bites you but does no damage.
The eight-headed hydra barely misses you.
The eight-headed hydra bites you but does no damage. x2
The blink frog misses you. The elephant barely misses you.
The elephant trunk-slaps you but does no damage.
You feel better. You block the blink frog's attack.
The eight-headed hydra bites you but does no damage. x2
The eight-headed hydra barely misses you.
You block the eight-headed hydra's attack.
The eight-headed hydra bites you but does no damage.
The eight-headed hydra completely misses you.
The eight-headed hydra bites you!
* * * LOW HITPOINT WARNING * * *
The eight-headed hydra bites you!
You die...

.......##.####
...#.......#.#
..##...........##
#................#
#.......(..........
#............^.....
#..........§.......
..........D........
.........F@Y.......
#..................
#..................
#>....<†..........
#.........>.......
#.................
##...............#
#..............#
#...?.........#


You could see an eight-headed hydra (unable to see you), an elephant (unable to
see you) and a blink frog (unable to see you).

Vanquished Creatures
  Josephine (D:11)
  2 boulder beetles
  Harold (D:9)
  Erolcha (D:10)
  2 hydras
  A two-headed ogre (D:9)
  Urug (Lair:1)
  2 manticores
  2 elephants (Lair:1)
  A gargoyle (D:11)
  An unseen horror (D:11)
  Psyche (D:9)
  2 trolls (D:10)
  2 blink frogs (Lair:1)
  The ghost of jaiteiro the Conjurer, an amateur GnCj (D:6)
  A hornet (D:8)
  10 yaks
  6 wraiths
  2 steam dragons
  Grum (D:9)
  5 water moccasins
  5 orc warriors
  2 ice beasts
  A sky beast (D:7)
  A black bear (D:7)
  An ogre (D:5)
  2 wolves (D:9)
  3 centaurs
  2 phantoms (D:5)
  4 kobold brigands
  7 bullfrogs (D:8)
  4 gnoll sergeants
  2 necrophages
  A scorpion (D:7)
  2 wyvern zombies (D:7)
  7 wights
  21 killer bees
  6 howler monkeys
  2 hounds (D:5)
  4 jellies
  A gnoll bouda (D:8)
  An orc priest (D:7)
  2 iguanas
  A centaur zombie (D:7)
  8 orc wizards
  2 killer bee zombies (D:7)
  A mummy (D:4)
  Robin (D:3)
  10 adders
  13 gnolls
  3 shadow imps
  A white imp (D:6)
  2 worms
  A dart slug (D:2)
  20 orcs
  8 endoplasms
  3 giant cockroaches
  16 goblins
  11 hobgoblins
  6 jackals (D:5)
  17 kobolds
  3 quokkas
  7 ball pythons
  6 bats
  6 frilled lizards
  A hobgoblin zombie (D:4)
  A kobold zombie (D:4)
  2 orc zombies (D:4)
  7 rats
284 creatures vanquished.

Vanquished Creatures (others)
  A wolf (D:9)
  An orc priest (D:8)
  An orc (D:8)
  13 plants
  A withered plant (D:7)
17 creatures vanquished.

Grand Total: 301 creatures vanquished

Notes
Turn   | Place    | Note
-------+----------+-------------------------------------------
     0 | D:1      | Oxelix the Gargoyle Gladiator began the quest for the Orb.
     0 | D:1      | Reached XP level 1. HP: 12/12 MP: 1/1
    79 | D:1      | Reached XP level 2. HP: 18/18 MP: 2/2
   174 | D:1      | Found a faded altar of an unknown god.
   510 | D:1      | Reached XP level 3. HP: 22/22 MP: 3/3
  1028 | D:2      | Found Butonol's Antique Weapon Shoppe.
  1096 | D:2      | Identified the +1 ring mail of Ytaeh {Harm +Blink Str+4}
  1334 | D:2      | Reached skill level 4 in Maces & Flails
  1558 | D:2      | Reached XP level 4. HP: 18/28 MP: 4/4
  2382 | D:3      | Reached XP level 5. HP: 32/32 MP: 5/5
  2464 | D:3      | Found a sacrificial altar of Ru.
  2474 | D:3      | Reached skill level 5 in Maces & Flails
  2642 | D:3      | Noticed Robin
  2664 | D:3      | Killed Robin
  2912 | D:4      | Found an ancient bone altar of Kikubaaqudgha.
  3764 | D:5      | Entered Level 5 of the Dungeon
  3764 | D:5      | Noticed a phantom
  3764 | D:5      | Found an opulent altar of Gozag.
  3780 | D:5      | Killed a phantom
  3781 | D:5      | Reached XP level 6. HP: 35/39 MP: 6/6
  3877 | D:5      | Reached skill level 6 in Maces & Flails
  3950 | D:5      | Reached XP level 7. HP: 29/44 MP: 7/7
  4136 | D:5      | Reached skill level 5 in Fighting
  4356 | D:5      | Reached skill level 7 in Maces & Flails
  4500 | D:5      | Found a glowing silver altar of Zin.
  4520 | D:5      | Found a staircase to the Ecumenical Temple.
  4675 | Temple   | Entered the Ecumenical Temple
  4786 | Temple   | Became a worshipper of Cheibriados the Contemplative
  5236 | D:6      | Reached XP level 8. HP: 36/51 MP: 8/8
  5531 | D:6      | Found a runed translucent gate.
  5531 | D:6      | Found a runed translucent gate.
  5531 | D:6      | Noticed jaiteiro's ghost (amateur GnCj)
  5532 | D:6      | Found a runed translucent gate.
  5599 | D:6      | Found a glowing golden altar of the Shining One.
  5664 | D:6      | Reached skill level 8 in Maces & Flails
  6078 | D:6      | Found a burning altar of Makhleb.
  6354 | D:6      | Gained mutation: Your mind is acute. (Int +4, Str/Dex -1)
                  | [potion of mutation]
  6354 | D:6      | Gained mutation: You are robust. (+10% HP) [potion of
                  | mutation]
  6355 | D:6      | Lost mutation: Your mind is acute. (Int +4, Str/Dex -1)
                  | [potion of mutation]
  6355 | D:6      | Lost mutation: You are robust. (+10% HP) [potion of
                  | mutation]
  6355 | D:6      | Gained mutation: You are clumsy. (Dex -2) [potion of
                  | mutation]
  6355 | D:6      | Gained mutation: Your body sometimes deteriorates upon
                  | taking damage. [potion of mutation]
  6355 | D:6      | Gained mutation: You are strong-willed. (Will+) [potion of
                  | mutation]
  6355 | D:6      | Gained mutation: Your skin changes colour to match your
                  | surroundings (Stealth+). [potion of mutation]
  6356 | D:6      | Lost mutation: You are clumsy. (Dex -2) [potion of
                  | mutation]
  6356 | D:6      | Lost mutation: You are strong-willed. (Will+) [potion of
                  | mutation]
  6356 | D:6      | Gained mutation: You have large cloven feet. [potion of
                  | mutation]
  6356 | D:6      | Gained mutation: You possess an exceptional clarity of
                  | mind. [potion of mutation]
  6449 | D:7      | Reached skill level 9 in Maces & Flails
  6674 | D:7      | Reached * piety under Cheibriados
  6825 | D:7      | Reached XP level 9. HP: 30/57 MP: 9/9
  7008 | D:7      | Reached skill level 10 in Maces & Flails
  7397 | D:7      | Reached ** piety under Cheibriados
  7631 | D:8      | Reached skill level 11 in Maces & Flails
  8040 | D:8      | Noticed a manticore
  8049 | D:8      | Reached skill level 1 in Armour
  8082 | D:8      | Killed a manticore
  8082 | D:8      | Reached *** piety under Cheibriados
  8083 | D:8      | Reached XP level 10. HP: 25/65 MP: 8/10
  8489 | D:8      | Reached skill level 12 in Maces & Flails
  8968 | D:8      | Found a sparkling altar of Nemelex Xobeh.
  9160 | D:9      | Noticed Harold
  9176 | D:9      | Killed Harold
  9285 | D:8      | Lost mutation: You have large cloven feet. [potion of
                  | mutation]
  9285 | D:8      | Lost mutation: You possess an exceptional clarity of mind.
                  | [potion of mutation]
  9285 | D:8      | Lost mutation: Your skin changes colour to match your
                  | surroundings (Stealth+). [potion of mutation]
  9285 | D:8      | Gained mutation: You are robust. (+10% HP) [potion of
                  | mutation]
  9285 | D:8      | Gained mutation: You are covered in fur. (AC +1) [potion of
                  | mutation]
  9285 | D:8      | Lost mutation: Your body sometimes deteriorates upon taking
                  | damage. [potion of mutation]
  9488 | D:9      | Lost mutation: You are robust. (+10% HP) [potion of
                  | mutation]
  9488 | D:9      | Lost mutation: You are covered in fur. (AC +1) [potion of
                  | mutation]
  9488 | D:9      | Gained mutation: You are robust. (+10% HP) [potion of
                  | mutation]
  9488 | D:9      | Gained mutation: You have supernaturally acute eyesight.
                  | (SInv) [potion of mutation]
  9488 | D:9      | Gained mutation: You have a pair of small antennae on your
                  | head. [potion of mutation]
  9577 | D:9      | Noticed Psyche
  9600 | D:9      | HP: 2/73 [Psyche/chain of chaos (4)]
  9925 | D:9      | Killed Psyche
  9968 | D:9      | Reached **** piety under Cheibriados
  9974 | D:9      | Reached skill level 5 in Armour
 10065 | D:9      | Noticed a two-headed ogre
 10070 | D:9      | Killed a two-headed ogre
 10071 | D:9      | Reached skill level 10 in Fighting
 10071 | D:9      | Reached XP level 11. HP: 79/79 MP: 11/11
 10125 | D:9      | Noticed a boulder beetle
 10145 | D:9      | Killed a boulder beetle
 10146 | D:9      | Reached skill level 5 in Staves
 10379 | D:9      | Noticed Grum
 10391 | D:9      | Killed Grum
 10818 | D:9      | Identified the +2 scale mail "Upsisk" {rC+}
 10931 | D:10     | Entered Level 10 of the Dungeon
 11143 | D:10     | Noticed Erolcha
 11158 | D:10     | Killed Erolcha
 11158 | D:10     | Reached ***** piety under Cheibriados
 11405 | D:10     | Noticed a seven-headed hydra
 11410 | D:10     | Killed a seven-headed hydra
 11460 | D:10     | Found a radiant altar of Vehumet.
 12072 | D:6      | Killed jaiteiro's ghost
 12208 | D:11     | Noticed Josephine
 12233 | D:11     | Killed Josephine
 12242 | D:11     | Reached XP level 12. HP: 55/84 MP: 12/12
 12552 | D:11     | Noticed an eight-headed hydra
 12557 | D:11     | Killed an eight-headed hydra
 13167 | D:11     | Found a blossoming altar of Fedhas.
 13250 | D:11     | Found a staircase to the Lair.
 13257 | D:11     | Noticed a boulder beetle
 13265 | D:11     | Killed a boulder beetle
 13266 | D:11     | Reached skill level 10 in Staves
 13266 | D:11     | Reached skill level 1 in Invocations
 13572 | Lair:1   | Entered Level 1 of the Lair of Beasts
 13572 | Lair:1   | Noticed Urug
 13734 | Lair:1   | Noticed an eight-headed hydra
 13742 | Lair:1   | Killed Urug
 13746 | Lair:1   | HP: 4/86 [eight-headed hydra (2)]
 13747 | Lair:1   | Slain by an eight-headed hydra

Illustrated notes

Levels and vault maps discovered:
D:1:      zelgadis_glass_arrival_small, layout_loops_ring,
          hellmonk_ecumenical_altar_lost_god, minmay_tromino_mix6
D:2:      wad_crossroads, layout_loops_ring, serial_shops, shop
D:3:      layout_basic, nicolae_ru_sacrificial_ziggurat, nicolae_grassy_gnolls,
          uniq_robin
D:4:      layout_basic, kiku_gazebo_pond_becter, minmay_mini_ossuary
D:5:      layout_rooms, nicolae_gozag_seed_capital,
          mainiacjoe_overflow_chevrons, minmay_temple_entry_stoned_glass,
          minmay_increasing_density
D:6:      layout_loops_corners, mainiacjoe_overflow_small_starburst,
          lightli_temple_of_fire, ebering_ghost_rock_garden,
          kennysheep_generic_room_8
D:7:      layout_loops_ring, serial_undead, serial_undead_e, serial_undead_e,
          serial_undead_c, serial_undead_c
D:8:      minmay_polygon_palace, layout_basic, nemelex_diamond_rough_becter,
          nrook_pool_corridor
D:9:      wander_river, layout_rooms, serial_corexii_hall,
          corexii_hall_statues_s, corexii_hall_statues_l,
          corexii_hall_statues_x, chequers_hall_statues_corner_a,
          minmay_misc_feat_hallway, kennysheep_generic_room_15, uniq_psyche,
          uniq_harold, uniq_grum
D:10:     layout_loops_ring, mainiacjoe_overflow_paths,
          minmay_misc_feat_encased, uniq_erolcha
D:11:     layout_gridville, lair_entry_dummy, fedhas_altar_fruit_tree,
          uniq_josephine
Temple:   jpeg_temple_clearing
Lair:1:   layout_cave_pods, grunt_megastairs_1, uniq_urug

Skill      XL: |  1  2  3  4  5  6  7  8  9 10 11 12 |
---------------+-------------------------------------+-----
Maces & Flails | 4 5 6 7 9 11 12 | 12.2
Fighting       | 3 4 5 7 8 10 | 10.6
Armour         | 2 5 8 |  8.5
Staves         | 4 9 10 | 10.5
Invocations    | 2 |  2.5
Throwing       | |  1.7
Dodging        | |  2.4

Action                   |  1- 3 |  4- 6 |  7- 9 | 10-12 || total
-------------------------+-------+-------+-------+-------++-------
Melee: Flail             |   133 |   206 |   426 |   165 ||   930
       Punch             |     1 |     1 |     8 |     2 ||    12
       Kick              |       |       |    79 |    38 ||   117
       Quarterstaff      |       |       |       |   210 ||   210
       Unarmed           |       |       |       |     4 ||     4
Throw: Javelin           |       |       |    11 |     9 ||    20
       Dart              |       |       |       |     3 ||     3
Invok: Bend Time         |       |       |     1 |     2 ||     3
       Temporal Distorti |       |       |       |     1 ||     1
       Slouch            |       |       |       |     1 ||     1
  Use: Potion            |       |     1 |     4 |     7 ||    12
       Scroll            |       |       |     5 |     5 ||    10
 Stab: Sleeping          |       |       |     1 |       ||     1
       Distracted        |       |       |       |     5 ||     5
       Invisible         |       |       |       |     2 ||     2
Armor: Leather armour    |    50 |    14 |       |       ||    64
       Chain mail        |       |   102 |   107 |   188 ||   397
       Ring mail         |       |       |    84 |    42 ||   126
Dodge: Dodged            |   102 |   165 |   283 |   306 ||   856
Block: Other             |    34 |    70 |   113 |   111 ||   328
       Reflection        |       |       |     2 |     2 ||     4
